 Dungeon Crawl Stone Soup version bcrawl-1.40.3b (webtiles) character file.

Game seed: 4842783210646331522

315711 rumpelstilzz the Skirmisher (level 10, -5/100 HPs)
             Began as a Troll Warper on Jan 8, 2024.
             Was a Follower of Qazlal.
             Slain by a tengu warrior
             ... wielding a +2 war axe of electrocution
              (13 damage)
             ... on level 8 of the Dungeon.
             The game lasted 00:20:06 (7055 turns).

rumpelstilzz the Skirmisher (Troll Warper)          Turns: 7055, Time: 00:20:07

Health: -5/100     AC: 11    Str: 21    XL:     10   Next: 3%
Magic:  24/24      EV: 13    Int: 12    God:    Qazlal [*.....]
Gold:   465        SH:  1    Dex: 18    Spells: 12/17 levels left

rFire    . . .     GDR:     32% x - +2 flail of the Nexus {crush, *Slow MR+ MP+9 Dex+3} (curse)
rCold    . . .     SeeInvis .   (no shield)
rNeg     . . .     Gourm    +   (armour unavailable)
rPois    .         Faith    .   (helmet restricted)
rElec    .         Spirit   .   B - +2 cloak
rCorr    .         Reflect  .   (gloves unavailable)
MR       +....                  (boots unavailable)
Stlth    ++........             (no amulet)
HPRegen  0.66/turn              p - +5 ring of dexterity
MPRegen  0.19/turn              (no ring)

@: studying Fighting
A: large, almost no armour, claws 3, fast metabolism 3, gourmand, regeneration
1, AC +8
a: Renounce Religion


You were on level 8 of the Dungeon.
You worshipped Qazlal.
Qazlal was aware of your devotion.
You were very full.

You visited 2 branches of the dungeon, and saw 9 of its levels.

You collected 465 gold pieces.

Inventory:

Hand Weapons
 a - a +4 flail of crushing
 s - the +16 sapphire dagger {flash freeze, rF- rC++ MR+}
   (You found it on level 5 of the Dungeon)

   It has been specially enchanted to freeze those struck by it, increasing
   damage dealt by approximately one third against foes not resistant or
   susceptible to cold, and potentially slowing cold-blooded foes.
   It makes you vulnerable to fire.
   It greatly protects you from cold.
   It affects your resistance to hostile enchantments.
 x - the cursed +2 flail of the Nexus (weapon) {crush, *Slow MR+ MP+9 Dex+3}
   (You found it on level 6 of the Dungeon)

   It will always inflict at least some extra damage.
   This minimum extra damage increases with your current reserve of magical
   power.
   It affects your dexterity (+3).
   It affects your resistance to hostile enchantments.
   It affects your magic capacity (+9).
   It may slow you when you take damage.
   It has a curse placed upon it.
Missiles
 d - 48 large rocks (quivered)
 o - 138 poisoned tomahawks
 r - 945 stones
Armour
 y - a scarf of resistance
 B - a +2 cloak (worn)
Jewellery
 p - a +5 ring of dexterity (left claw)
Wands
 k - a wand of random effects (19)
 n - a wand of disintegration (13)
 u - a wand of flame (14)
 A - a wand of iceblast (16)
Scrolls
 c - a scroll of blinking
 i - 7 scrolls of identify
 l - 3 scrolls of remove curse
 q - a scroll of fear
 t - 3 scrolls of revelation
 C - a scroll of teleportation {unknown}
Potions
 b - 4 potions of might
 f - 2 potions of brilliance
 g - a potion of berserk rage {unknown}
 h - 3 potions of flight
 j - 5 potions of curing
 m - 3 potions of agility
 v - a potion of mutation {unknown}
 z - 2 potions of heal wounds
Comestibles
 e - 15 rations {!d}
 w - 6 chunks of flesh


   Skills:
 * Level 6.8 Fighting
 + Level 4.9 Maces & Flails
 * Level 5.3 Throwing
 * Level 5.1 Dodging
 - Level 0.5 Stealth
 + Level 3.5 Unarmed Combat
 * Level 4.4 Spellcasting
 + Level 3.9 Translocations
 + Level 2.6 Evocations


You had 12 spell levels left.
You knew the following spells:

 Your Spells              Type           Power        Failure   Level  Hunger
a - Blink Other           Tloc           ##....       4%          1    None
b - Apportation           Tloc           ##....       4%          1    None
c - Portal Projectile     Tloc           ##....       13%         3    ###....

Your spell library contained the following spells:

 Spells                   Type           Power        Failure   Level  Hunger
 Blink                    Tloc           N/A          6%          2    None
 Teleport Other           Tloc           ##......     13%         3    ###....
 Confuse                  Hex            #.......     54%         3    ###....
 Dazzling Orbs            Conj/Hex       #......      54%         3    ###....
 Passage of Golubria      Tloc           N/A          75%         5    ######.
 Petrify                  Tmut/Erth      #.........   91%         4    #####..
 Yara's Violent Unravell  Hex/Tmut       #.........   91%         4    #####..
 Silence                  Hex/Air        #.........   99%         5    ######.
 Blight                   Necr/Pois      #........    100%        7    #######


Dungeon Overview and Level Annotations

Branches:
Dungeon (8/12)             Temple (1/1) D:5
   Lair: D:7-9          Orc: D:8-11

Altars:
Ashenzari
Cheibriados
Dithmenos
Elyvilon
Fedhas
Hepliaklqana
Kikubaaqudgha
Lugonu
Makhleb
Nemelex Xobeh
Okawaru
Qazlal
Ru
Sif Muna
Trog
Uskayaw
Vehumet
Wu Jian
Yredelemnul
The Shining One

Shops:
D:4 [   D:5 [   D:8 %


Innate Abilities, Weirdness & Mutations

You cannot wear most types of armour.
Your thick skin is tough. (AC +8)
You are too large for most types of armour.
You have claws for hands.
Your metabolism is lightning-fast.
You like to eat raw meat.
Your natural rate of healing is unusually fast.


Message History

The tengu warrior pecks you. The tengu warrior closely misses you.
You hit the tengu warrior.
Snnnck.
The tengu warrior is heavily wounded.
The tengu warrior hits you with a +2 war axe of electrocution!
* * * LOW HITPOINT WARNING * * *
The tengu warrior closely misses you.
The tengu warrior claws you but does no damage.
You hit the tengu warrior but do no damage.
Snnnck.
The tengu warrior is heavily wounded.
The tengu warrior hits you but does no damage.
You are electrocuted!
* * * LOW HITPOINT WARNING * * *
The tengu warrior misses you. The tengu warrior claws you.
* * * LOW HITPOINT WARNING * * *
You hit the tengu warrior.
Snnnck.
The tengu warrior is heavily wounded.
The tengu warrior hits you but does no damage.
You are electrocuted!
You die... ......# ###...#.... ......# ##.#.###.(.#.# ......# ## #..#...###...# ......# ) #.##.#...###.# #####.# #C #.#..###.....# #.# T### #.#.##...###.# #.#### cR#

#.#..#.###...# #####.#..### #Q#
#....###...### ......#.##.###
#@###..###........
.####.#.#....###.#..###...#.##.#.
.# #.#.#......##..##...###.#.###
.####.#....##..[.###..#.###..## #
......#.#...รท..####..#...##.#.###
.####.#.#..).###.....)....#....#.
.# #.#.##.###.......#...######.#
.####.#..###...########.## #..
...)..####...### #.# #..


You could see a tengu warrior, a centaur warrior, a cyclops, a troll and an
efreet.

Vanquished Creatures
  Pikel (D:4)
  A troll (D:8)
  A hippogriff (D:6)
  3 yaks (D:6)
  Menkaure (D:7)
  Duvessa (D:6)
  An orc warrior (D:6)
  A hornet zombie (D:6)
  2 ice beasts
  5 sky beasts
  2 bullfrogs (D:6)
  A kobold brigand (D:7)
  Dowan (D:6)
  2 centaurs
  A wyvern skeleton (D:4)
  6 scorpions
  2 howler monkeys (D:8)
  An orc priest (D:8)
  3 crimson imps
  A bullfrog zombie (D:8)
  3 hounds
  Crazy Yiuf (D:7)
  A jelly (D:8)
  4 orc wizards
  2 bullfrog skeletons
  8 worker ants
  2 hound skeletons
  8 adders
  A howler monkey skeleton (D:4)
  A shadow imp (D:4)
  2 worms
  2 dart slugs (D:2)
  9 leopard geckos
  19 orcs
  16 giant cockroaches
  8 goblins
  6 hobgoblins
  4 jackals
  3 quokkas
  6 bats
  3 frilled lizards
  A jackal skeleton (D:5)
  6 kobolds
  A quokka skeleton (D:4)
  4 rats
158 creatures vanquished.

Notes
Turn   | Place    | Note
-------+----------+-------------------------------------------
     0 | D:1      | rumpelstilzz the Troll Warper began the quest for the Orb.
     0 | D:1      | Reached XP level 1. HP: 19/19 MP: 2/2
   190 | D:1      | Reached XP level 2. HP: 27/27 MP: 3/3
   948 | D:2      | Reached XP level 3. HP: 35/35 MP: 4/4
   958 | D:2      | Reached skill level 2 in Fighting
  1178 | D:2      | Reached skill level 1 in Maces & Flails
  1532 | D:2      | Gained mutation: Your natural rate of healing is unusually
                  | fast. [Troll growth]
  1532 | D:2      | Reached XP level 4. HP: 17/42 MP: 5/5
  1874 | D:3      | Found a bloodstained altar of Trog.
  1920 | D:3      | Found a snail-covered altar of Cheibriados.
  2127 | D:3      | Reached XP level 5. HP: 50/50 MP: 6/6
  2874 | D:4      | HP: 2/50 [wyvern skeleton (10)]
  2926 | D:4      | Noticed a sky beast
  2927 | D:4      | Killed a sky beast
  2928 | D:4      | Reached XP level 6. HP: 59/59 MP: 6/8
  2940 | D:4      | Found a shattered altar of Ashenzari.
  3102 | D:4      | Reached skill level 3 in Fighting
  3148 | D:4      | Noticed an ice beast
  3153 | D:4      | Killed an ice beast
  3154 | D:4      | Reached skill level 1 in Unarmed Combat
  3154 | D:4      | Reached XP level 7. HP: 58/67 MP: 9/9
  3180 | D:4      | Found Juucvuda's Armour Boutique.
  3240 | D:4      | Reached skill level 1 in Evocations
  3537 | D:5      | Entered Level 5 of the Dungeon
  3537 | D:5      | Found Xampeenixoi's Antique Armour Shop.
  3537 | D:5      | Noticed Pikel
  3545 | D:4      | Killed Pikel
  3546 | D:4      | Reached skill level 4 in Fighting
  3546 | D:4      | Reached XP level 8. HP: 66/79 MP: 9/11
  3599 | D:5      | Found the +16 sapphire dagger {flash freeze, rF- rC++ MR+}
  3716 | D:5      | Found a bloodstained altar of Trog.
  3821 | D:5      | Found a staircase to the Ecumenical Temple.
  3830 | Temple   | Entered the Ecumenical Temple
  3837 | Temple   | Became a worshipper of Qazlal Stormbringer
  4117 | D:5      | Found a shadowy altar of Dithmenos.
  4271 | D:5      | Learned a level 3 spell: Portal Projectile
  4404 | D:6      | Got a masterwork flail
  4518 | D:6      | Reached skill level 5 in Fighting
  4671 | D:6      | Found a blossoming altar of Fedhas.
  4672 | D:6      | Found an iron altar of Okawaru.
  4820 | D:6      | Reached XP level 9. HP: 67/88 MP: 13/13
  5077 | D:6      | Noticed Dowan
  5078 | D:6      | Noticed Duvessa
  5105 | D:6      | Killed Duvessa
  5106 | D:6      | Reached skill level 6 in Fighting
  5113 | D:6      | Killed Dowan
  5375 | D:7      | Found a runed door.
  5549 | D:7      | Noticed Menkaure
  5559 | D:7      | Killed Menkaure
  5999 | D:7      | Noticed Crazy Yiuf
  6008 | D:7      | Killed Crazy Yiuf
  6080 | D:7      | Identified the cursed +2 flail of the Nexus {crush, *Slow
                  | MR+ MP+9 Dex+3} (You found it on level 6 of the Dungeon)
  6178 | D:8      | Reached skill level 5 in Throwing
  6242 | D:8      | Found Duikk's Food Boutique.
  6281 | D:8      | Reached skill level 5 in Dodging
  6602 | D:8      | Noticed a troll
  6604 | D:8      | Killed a troll
  6818 | D:8      | Reached XP level 10. HP: 100/100 MP: 15/15
  6998 | D:8      | Reached * piety under Qazlal
  7042 | D:8      | Noticed a tengu warrior
  7044 | D:8      | Identified the +15 iron dragon scales of Pleasant Breezes
                  | {rPois rF- MR++ Dex+2}
  7044 | D:8      | Noticed a centaur warrior
  7046 | D:8      | Noticed a four-headed hydra
  7047 | D:8      | Noticed a cyclops
  7055 | D:8      | Slain by a tengu warrior

Skill      XL: |  1  2  3  4  5  6  7  8  9 |
---------------+----------------------------+-----
Dodging        | 2 3 4 5 |  5.1
Fighting       | 2 3 4 5 6 |  6.8
Maces & Flails | 1 2 3 4 |  4.9
Throwing       | 2 3 4 5 |  5.3
Spellcasting   | 2 3 4 |  4.4
Unarmed Combat | 1 2 3 |  3.5
Evocations     | 1 2 |  2.6
Translocations | 3 |  3.9
Stealth        | |  0.5

Action                   |  1- 3 |  4- 6 |  7- 9 | 10-12 || total
-------------------------+-------+-------+-------+-------++-------
Melee: Dagger            |    25 |       |       |       ||    25
       Mace              |    57 |       |       |       ||    57
       Flail             |    59 |   108 |   236 |    29 ||   432
       Punch             |       |       |     2 |       ||     2
Throw: Large rock        |       |    13 |    35 |     4 ||    52
  Use: Scroll            |     1 |     7 |     7 |       ||    15
       Potion            |       |       |     1 |       ||     1
 Stab: Sleeping          |     2 |     2 |     2 |       ||     6
       Invisible         |       |       |     3 |       ||     3
  Eat: Chunk             |     9 |    25 |    32 |     2 ||    68
Armor: Skin              |    52 |    43 |    91 |    17 ||   203
Dodge: Dodged            |    78 |    69 |   162 |    17 ||   326
Block: Other             |       |       |       |     1 ||     1
